 Dungeon Crawl Stone Soup version 0.27-a0-1358-ga0a28fc8c3 (webtiles) character file.

Game seed: 17287742575648512305

0 Gargoyl the Skirmisher (level 1, -13/23 HPs)
             Began as a Gnoll Abyssal Knight on June 28, 2021.
             Was a Follower of Lugonu.
             Mangled by a small abomination (22 damage)
             ... on level 2 of the Abyss.
             The game lasted 00:00:41 (271 turns).

Gargoyl the Skirmisher (Gnoll Abyssal Knight)        Turns: 271, Time: 00:00:41

Health: -13/23     AC:  3    Str: 11    XL:     1   Next: 0%
Magic:  3/3        EV: 11    Int: 11    God:    Lugonu [*.....]
Gold:   112        SH:  0    Dex: 11    Spells: 0/0 levels left

rFire    . . .     SeeInvis .   a - +1 hand axe
rCold    . . .     Faith    .   (no shield)
rNeg     . . .     Spirit   .   b - +0 leather armour
rPois    .         Reflect  .   (no helmet)
rElec    .         Harm     .   (no cloak)
rCorr    .         Rampage  .   (no gloves)
Will     .....                  (no boots)
Stlth    +.........             (no amulet)
HPRegen  0.00/turn              (no ring)
MPRegen  0.08/turn              (no ring)

@: diseased
A: fangs 1, strong nose, distributed training
a: Renounce Religion, Depart the Abyss


You were on level 2 of the Abyss.
You worshipped Lugonu.
Lugonu was aware of your devotion.
You visited 0 branches of the dungeon, and saw 0 of its levels.
You visited the Abyss 1 time.

You collected 112 gold pieces.

Inventory:

Hand Weapons
 a - a +1 hand axe (weapon)
Armour
 b - a +0 leather armour (worn)


   Skills:
 + Level 6.4 Fighting
 + Level 0.0 Short Blades
 + Level 0.0 Long Blades
 + Level 4.4 Axes
 + Level 0.0 Maces & Flails
 + Level 0.0 Polearms
 + Level 0.0 Staves
 + Level 0.0 Slings
 + Level 0.0 Bows
 + Level 0.0 Crossbows
 + Level 0.0 Throwing
 + Level 4.4 Armour
 + Level 2.3 Dodging
 + Level 0.0 Stealth
 + Level 0.0 Shields
 + Level 0.0 Unarmed Combat
 + Level 0.0 Spellcasting
 + Level 0.0 Conjurations
 + Level 0.0 Hexes
 + Level 0.0 Summonings
 + Level 0.0 Necromancy
 + Level 0.0 Translocations
 + Level 0.0 Transmutations
 + Level 0.0 Fire Magic
 + Level 0.0 Ice Magic
 + Level 0.0 Air Magic
 + Level 0.0 Earth Magic
 + Level 0.0 Poison Magic
 + Level 4.4 Invocations
 + Level 0.0 Evocations


You couldn't memorise any spells.
You didn't know any spells.
Your spell library was empty.

Dungeon Overview and Level Annotations

Branches:
Dungeon (0/15)

Altars:


Innate Abilities, Weirdness & Mutations

You have very sharp teeth.
Your uncanny sense of smell can sniff out nearby items.
Your experience applies equally to all skills.


Message History

You now have 56 gold pieces (gained 24).
Found a gateway leading out of the Abyss.
Found a mace.
c - a scroll labelled CACEN COETHRENIU
As you read the scroll labelled CACEN COETHRENIU, it crumbles to dust.
You feel momentarily disoriented.
It was a scroll of magic mapping.
Found 13 stones.
Found a scroll labelled RIBIUZ KIEDUIZ.
A large abomination comes into view.
You see here a scroll labelled RIBIUZ KIEDUIZ.
c - a scroll labelled RIBIUZ KIEDUIZ
As you read the scroll labelled RIBIUZ KIEDUIZ, it crumbles to dust.
It is a scroll of identify.
You don't have any unidentified items.
A neqoxec comes into view.
You are suddenly pulled into a different region of the Abyss!
You now have 112 gold pieces (gained 56).
c - an orange potion It was a potion of resistance.
You feel protected.
You start to feel less resistant.
Your resistance to elements expires.
A tentacled starspawn comes into view.
A tentacle flies out from the starspawn's body!
A starspawn tentacle comes into view.
An ancient zyme comes into view.
You feel yourself growing ill in the presence of the ancient zyme.
You hit the ancient zyme but do no damage.
The ancient zyme closely misses you. The ancient zyme hits you!
Unknown command.
Found 54 gold pieces.
You feel ill.
Found a hunting sling.
You feel ill. The ancient zyme closely misses you. The ancient zyme hits you.
Found 19 sling bullets.
A small abomination comes into view.
The small abomination hits you!!
Ouch! That really hurt!
You die...

## ...∆ # #.# #.
#.## .# # ###.###
#####
#.#..X...##...##
#...#.#...x.x..# .
#...#..#.##@.#..#
#.###.#..##...##...#
##.#...#(#....#
.##....
#...#..####.##.##.
#.. ##....X.#.#.# ##
.# # #..###...#.#.
## .#.. #.#.##$## #
#............. . #
.. ..#.)# ..


You could see a tentacled starspawn, an ancient zyme and a small abomination.

Vanquished Creatures (others)
  4 starspawn tentacles (Abyss:2)
4 creatures vanquished.

Notes
Turn   | Place    | Note
-------+----------+-------------------------------------------
     0 | Abyss:1  | Gargoyl the Gnoll Abyssal Knight began the quest for the
                  | Orb.
     0 | Abyss:1  | Reached XP level 1. HP: 23/23 MP: 3/3
    50 | Abyss:1  | Noticed a fire dragon simulacrum
   136 | Abyss:2  | Noticed a stone giant zombie
   150 | Abyss:2  | Noticed a large abomination
   158 | Abyss:2  | Noticed a neqoxec
   247 | Abyss:2  | Noticed a tentacled starspawn
   250 | Abyss:2  | Noticed an ancient zyme
   267 | Abyss:2  | Noticed a small abomination
   271 | Abyss:2  | Mangled by a small abomination

Illustrated notes

Levels and vault maps discovered:
Abyss:2:  base: Temple, evilmike_abyss_exit_12

Action                   || total
-------------------------++-------
Melee: Hand axe          ||     1
  Use: Scroll            ||     2
       Potion            ||     1
Dodge: Dodged            ||     2

Table legend: (Time is in decaauts)
 A = Elapsed time spent in this place.
 B = Non-inter-level travel time spent in this place.
 C = Inter-level travel time spent in this place.
 D = Time resting spent in this place.
 E = Time spent auto-exploring this place.
 F = Levels seen in this place.
 G = Mean time per level.
                   A        B        C        D        E       F      G
               +--------+--------+--------+--------+--------+-----+--------+
         Total |    270 |    270 |      0 |      0 |    172 |   2 |  135.0 |
         Abyss |    270 |    270 |      0 |      0 |    172 |   2 |  135.0 |
               +--------+--------+--------+--------+--------+-----+--------+

Top non-repeatable levels by time:
 Abyss:2: 167 daAuts
 Abyss:1: 103 daAuts
